 Dungeon Crawl Stone Soup version 0.20.0-10-g0535bb4 (webtiles) character file.

65 kuniqs the Skirmisher (level 4, -3/24 HPs)
             Began as a Vine Stalker Fighter on June 3, 2017.
             Slain by Pikel
             ... wielding a +1 whip of electrocution
              (14 damage)
             ... on level 5 of the Dungeon.
             The game lasted 00:02:21 (2677 turns).

kuniqs the Skirmisher (Vine Stalker Fighter)        Turns: 2677, Time: 00:02:22

Health: -3/24      AC:  6    Str: 19    XL:     4   Next: 14%
Magic:  0/5        EV:  7    Int:  8    God:
Gold:   89         SH:  9    Dex: 14    Spells: 3/3 levels left

rFire    . . .     SeeInvis .   a - +0 rapier
rCold    . . .     Gourm    .   c - +0 shield
rNeg     . . .     Faith    .   b - +0 scale mail
rPois    +         Spirit   +   (no helmet)
rElec    .         Reflect  .   (no cloak)
rCorr    .         Harm     .   (no gloves)
MR       .....                  (no boots)
Stlth    ..........             (no amulet)
Regen    0.5/turn               m - ring of poison resistance
MPRegen  0.1/turn               (no ring)

@: no status effects
A: fangs 2, regeneration 1, magic shield, antimagic bite, no potion heal 3, rot
immunity
a: no special abilities


You were on level 5 of the Dungeon.
You were not hungry.

You visited 1 branch of the dungeon, and saw 5 of its levels.

You collected 89 gold pieces.

Inventory:

Hand Weapons
 a - a +0 rapier (weapon)
Armour
 b - a +0 scale mail (worn)
 c - a +0 shield (worn)
Jewellery
 m - a ring of poison resistance (left hand)
Scrolls
 e - a scroll of enchant armour {unknown}
 h - 4 scrolls of remove curse {unknown}
 j - 3 scrolls of teleportation {unknown}
 o - a scroll of noise {unknown}
 p - a scroll of fog {unknown}
Potions
 g - a potion of magic {unknown}
 i - 2 potions of experience {unknown}
 l - a potion of might
 n - a potion of haste {unknown}
Comestibles
 d - 3 bread rations
 f - 3 fruits
 k - 3 royal jellies
 q - 4 chunks of flesh


   Skills:
 + Level 3.1 Fighting
 + Level 2.2 Short Blades
 + Level 2.7 Armour
 + Level 1.2 Dodging
 + Level 3.1 Shields


You had 3 spell levels left.
You didn't know any spells.

Dungeon Overview and Level Annotations

Branches:
Dungeon (5/15)
 Temple: D:4-7

Altars:
Okawaru

Annotations:
D:3 Sigmund
D:5 Pikel


Innate Abilities, Weirdness & Mutations

You have extremely sharp teeth.
Your natural rate of healing is unusually fast.
When hurt, damage is shared between your health and your magic reserves.
Your bite disrupts and absorbs the magic of your enemies.
Potions cannot restore your health.
You are immune to rotting.


Message History

An adder comes into view.
You hit Pikel.
Pikel is lightly wounded.
The adder closely misses you.
You hit Pikel.
Pikel is moderately wounded.
The adder barely misses you.
Pikel drinks a potion.
Pikel goes berserk!
You block the adder's attack.
You hit Pikel but do no damage. Your bite misses Pikel.
Pikel is lightly wounded.
Pikel hits you with a whip of electrocution!
The adder bites you but does no damage. You block Pikel's attack.
Your shield and scale mail prevent you from hitting Pikel.
You bite Pikel. You drain his power.
You feel invigorated.
Pikel is moderately wounded.
The adder bites you but does no damage.
Pikel hits you with a whip of electrocution!
You are electrocuted!
Ouch! That really hurt!
You die...

# #. ### #..
##.... #...
#.P....
##...p###....P≈≈
....ppK@SS...≈≈≈
##?..p####...≈≈≈
#... .≈≈≈≈ #..
≈≈≈≈ ## ≈≈≈ ≈≈ ≈


You could see Pikel (berserk), 4 slaves and 2 adders.

Vanquished Creatures
  3 adders
  A worm (D:2)
  5 goblins
  A hobgoblin (D:4)
  5 jackals (D:2)
  3 kobolds
  2 ball pythons
  6 bats
  4 frilled lizards
  6 rats
36 creatures vanquished.

Notes
Turn   | Place    | Note
-------+----------+-------------------------------------------
     0 | D:1      | kuniqs the Vine Stalker Fighter began the quest for the Orb.
     0 | D:1      | Reached XP level 1. HP: 11/11 MP: 2/2
   369 | D:1      | Reached XP level 2. HP: 16/16 MP: 3/3
   927 | D:2      | Found an iron altar of Okawaru.
   976 | D:2      | Reached XP level 3. HP: 4/19 MP: 4/4
  1820 | D:2      | Reached skill level 1 in Dodging
  2120 | D:3      | Noticed Sigmund
  2659 | D:4      | Gained mutation: Your natural rate of healing is unusually fast. [Vine Stalker growth]
  2659 | D:4      | Reached XP level 4. HP: 24/24 MP: 5/5
  2670 | D:5      | Entered Level 5 of the Dungeon
  2670 | D:5      | Noticed Pikel
  2670 | D:5      | Noticed a slave
  2670 | D:5      | Noticed a slave
  2670 | D:5      | Noticed a slave
  2672 | D:5      | Noticed a slave
  2677 | D:5      | Slain by Pikel

Skill      XL: |  1  2  3 |
---------------+----------+-----
Shields        | 3 |  3.1
Short Blades   | 2 |  2.2
Fighting       | 3 |  3.1
Dodging        | 1 |  1.2
Armour         | |  2.7

Action                   |  1- 3 |  4- 6 || total
-------------------------+-------+-------++-------
Melee: Rapier            |   113 |     7 ||   120
       Bite              |    27 |     2 ||    29
  Eat: Chunk             |     5 |     1 ||     6
Armor: Scale mail        |    50 |     2 ||    52
Dodge: Dodged            |    44 |     4 ||    48
Block: Shield            |    54 |     4 ||    58
